 Dungeon Crawl Stone Soup version 0.29-a0-551-gffc1d7fb78 (webtiles) character file.

Game seed: 3646247828877165025

2 shadowstone the Caller (level 1, 0/10 HPs)
             Began as a Tengu Summoner on June 5, 2022.
             Constricted to death by a ball python (1 damage)
             ... on level 1 of the Dungeon.
             The game lasted 00:00:38 (33 turns).

shadowstone the Caller (Tengu Summoner)               Turns: 33, Time: 00:00:39

Health: 0/10       AC:  2    Str:  8    XL:     1   Next: 40%
Magic:  4/4        EV:  9    Int: 15    God:
Gold:   0          SH:  0    Dex: 14    Spells: 3/4 levels left

rFire   . . .      SeeInvis .   (no weapon)
rCold   . . .      Faith    .   (no shield)
rNeg    . . .      Spirit   .   a - +0 robe
rPois   .          Reflect  .   (helmet restricted)
rElec   .          Harm     .   (no cloak)
rCorr   .          Rampage  .   (no gloves)
Will    .....                   (boots unavailable)
Stlth   ++........              (no amulet)
HPRegen 0.03/turn               (no ring)
MPRegen 0.09/turn               (no ring)

@: constricted
A: beak, talons 3
a: no special abilities


You were on level 1 of the Dungeon.
You visited 1 branch of the dungeon, and saw 1 of its levels.

Inventory:

Armour
 a - a +0 robe (worn)
Potions
 b - a potion of magic


   Skills:
 + Level 2.2 Dodging
 + Level 2.0 Stealth
 + Level 2.0 Spellcasting
 + Level 4.9 Summonings


You had 3 spell levels left.
You knew the following spells:

 Your Spells              Type           Power      Damage    Failure   Level
a - Summon Small Mammal   Summ           64%        N/A       3%          1

Your spell library contained the following spells:

 Spells                   Type           Power      Damage    Failure   Level
 Call Imp                 Summ           16%        N/A       4%          2
 Call Canine Familiar     Summ           16%        N/A       9%          3
 Summon Guardian Golem    Hex/Summ       8%         N/A       24%         3
 Summon Lightning Spire   Summ/Air       8%         N/A       63%         4


Dungeon Overview and Level Annotations

Branches:
Dungeon (1/15)

Altars:


Innate Abilities, Weirdness & Mutations

You have a beak for a mouth.
You have claws for feet.


Message History

You hit the quokka.
The quokka is severely wounded.
The bat hits you but does no damage. The bat misses your rat.
The quokka closely misses you.
Your rat bites the quokka.
The quokka dies!
The bat barely misses you.
You see here a quokka corpse.
Your rat barely misses the bat.
The bat hits you. The bat closely misses you. The bat hits you.
Your rat bites the bat.
A frilled lizard comes into view.
The ball python hisses angrily.
Your rat disappears in a puff of smoke!
The bat hits you but does no damage. The bat hits you.
The ball python misses you. The ball python barely misses you.
The ball python closely misses you. The ball python grabs you.
The ball python constricts you. The bat hits you.
You barely miss the bat. Your peck misses the bat.
The bat is severely wounded.
The bat closely misses you.
The ball python bites you but does no damage.
The ball python constricts you.
You escape the ball python's grasp.
The bat hits you.
You barely miss the bat.
The bat is severely wounded.
The bat closely misses you. The ball python closely misses you.
The ball python grabs you. The ball python constricts you. The bat hits you.
* * * LOW HITPOINT WARNING * * *
The ball python bites you but does no damage.
The ball python constricts you.
You barely miss the bat. You peck the bat.
You kill the bat!
The ball python bites you.
* * * LOW HITPOINT WARNING * * *
The ball python constricts you.
There are monsters nearby!
The ball python's grasp on you weakens, but your attempt to escape fails.
The ball python bites you.
* * * LOW HITPOINT WARNING * * *
The ball python constricts you.
You die...

.. .# #. #.# #. ..#
+.##########..###
#..............#
#....$.........###
##........S.......#
#....[.†..@.......#
#.#########+#+#..l#
##.## #. # ##.# .#
#.## #.# #..###..#
##..#..# #..#..#
##..(#


You could see a ball python and a frilled lizard (asleep).

Vanquished Creatures
  A bat (D:1)
  A rat (D:1)
2 creatures vanquished.

Vanquished Creatures (collateral kills)
  A quokka (D:1)
1 creature vanquished.

Grand Total: 3 creatures vanquished

Notes
Turn   | Place    | Note
-------+----------+-------------------------------------------
     0 | D:1      | shadowstone the Tengu Summoner began the quest for the Orb.
     0 | D:1      | Reached XP level 1. HP: 10/10 MP: 4/4
    33 | D:1      | Constricted to death by a ball python

Illustrated notes

Levels and vault maps discovered:
D:1:      dpeg_arrival_simpleton_a, layout_basic,
          dreamdust_ecumenical_altar_statues, hangedman_abyss_or_decor_stabs

Action                   || total
-------------------------++-------
Melee: Unarmed           ||     8
       Kick              ||     2
       Peck              ||     1
 Cast: Summon Small Mamm ||     1
Armor: Robe              ||     5
Dodge: Dodged            ||    12

Table legend: (Time is in decaauts)
 A = Elapsed time spent in this place.
 B = Non-inter-level travel time spent in this place.
 C = Inter-level travel time spent in this place.
 D = Time resting spent in this place.
 E = Time spent auto-exploring this place.
 F = Levels seen in this place.
 G = Mean time per level.
                   A        B        C        D        E       F      G
               +--------+--------+--------+--------+--------+-----+--------+
         Total |     33 |     33 |      0 |      0 |      0 |   1 |   33.0 |
       Dungeon |     33 |     33 |      0 |      0 |      0 |   1 |   33.0 |
               +--------+--------+--------+--------+--------+-----+--------+

Top non-repeatable levels by time:
     D:1: 33 daAuts
